 Dungeon Crawl Stone Soup version 0.20.1-1-g8b1a95d (webtiles) character file.

935 dvd the Insei (level 8, -5/54 HPs)
             Began as a Merfolk Transmuter on Oct 20, 2017.
             Was a Believer of the Shining One.
             Slain by a gnoll
             ... wielding a cursed -1 flail
              (9 damage)
             ... on level 5 of the Dungeon.
             The game lasted 00:13:40 (5818 turns).

dvd the Insei (Merfolk Transmuter)                  Turns: 5818, Time: 00:13:41

Health: -5/54      AC:  2    Str: 10    XL:     8   Next: 11%
Magic:  1/14       EV: 15    Int: 19    God:    the Shining One [**....]
Gold:   199        SH:  2    Dex: 15    Spells: 7/15 levels left

rFire    . . .     SeeInvis .     - Unarmed
rCold    . . .     Gourm    .   (no shield)
rNeg     + . .     Faith    .   b - +0 robe
rPois    .         Spirit   .   (no helmet)
rElec    .         Reflect  +   (no cloak)
rCorr    .         Harm     .   (no gloves)
MR       .....                  (no boots)
Stlth    +.........             j - +2 amulet of reflection
Regen    0.2/turn               (no ring)
MPRegen  0.2/turn               (no ring)

@: brilliant, very slightly contaminated, glowing
A: change form in water, swift swim, stealthy swim
a: Divine Shield, Renounce Religion


You were on level 5 of the Dungeon.
You worshipped the Shining One.
The Shining One was pleased with you.
You were very hungry.

You visited 1 branch of the dungeon, and saw 5 of its levels.

You collected 199 gold pieces.

Inventory:

Missiles
 a - 77 arrows
 u - 3 javelins (quivered)
Armour
 b - a +0 robe (worn)
Jewellery
 j - a +2 amulet of reflection (around neck)
 m - an uncursed ring of fire
Scrolls
 e - 9 scrolls of identify {unknown}
 f - 2 scrolls of enchant weapon {unknown}
 i - 5 scrolls of recharging {unknown}
 o - a scroll of teleportation {unknown}
 p - 2 scrolls of enchant armour {unknown}
 q - 2 scrolls of remove curse {unknown}
 s - 2 scrolls of blinking {unknown}
 w - a scroll of brand weapon {unknown}
Potions
 g - 2 potions of heal wounds {unknown}
 k - 2 potions of curing {unknown}
 l - a potion of flight {unknown}
 r - a potion of brilliance
 t - a potion of berserk rage {unknown}
 v - a potion of ambrosia {unknown}
 x - a potion of magic {unknown}
Books
 c - a book of Changes

   Spells                             Type                      Level
   a - Beastly Appendage              Transmutation                1
   b - Sticks to Snakes               Transmutation                2
   c - Spider Form                    Transmutation/Poison         3
   d - Ice Form                       Ice/Transmutation            4
   e - Blade Hands                    Transmutation                5
Comestibles
 d - 4 bread rations
 h - 5 royal jellies
 n - 10 fruits


   Skills:
 + Level 1.4 Fighting
 + Level 4.8 Dodging
 + Level 1.7 Stealth
 + Level 6.2 Unarmed Combat
 + Level 4.0 Spellcasting
 * Level 5.4 Transmutations
 * Level 3.7 Ice Magic
 + Level 0.9 Poison Magic


You had 7 spell levels left.
You knew the following spells:

 Your Spells              Type           Power        Failure   Level  Hunger
a - Beastly Appendage     Tmut           #####.       1%          1    None
b - Spider Form           Tmut/Pois      ####......   1%          3    ###....
c - Ice Form              Ice/Tmut       ####....     2%          4    ####...


Dungeon Overview and Level Annotations

Branches:
Dungeon (5/15)
 Temple: D:4-7

Altars:
Dithmenos
Okawaru
Vehumet
Xom
The Shining One


Message History

You hit the giant cockroach.
The giant cockroach is almost dead.
The gnoll completely misses you. The gnoll closely misses you.
The giant cockroach barely misses you. The giant cockroach bites you.
You hit the giant cockroach but do no damage.
The gnoll hits you from afar with a spear.
* * * LOW HITPOINT WARNING * * *
The giant cockroach misses you. The giant cockroach bites you.
* * * LOW HITPOINT WARNING * * *
The gnoll completely misses you.
You barely miss the giant cockroach.
The giant cockroach is almost dead.
The giant cockroach completely misses you.
The gnoll hits you from afar with a spear!
* * * LOW HITPOINT WARNING * * *
The giant cockroach closely misses you.
It was a potion of brilliance.
You feel clever all of a sudden.
The gnoll hits you with an enchanted flail!
You die...

..## ### .... ..# ..#
.. ..## #.##...#..
#........_ #g# #g# #@##
....# #ss# ....# ##.#
#...# #.# #...##
.#####.##########.....
..'....................
..#####..#####.........
###.## #.........
#....## #.........


You could see 2 gnolls and 2 giant cockroaches.

Vanquished Creatures
  Duvessa (D:5)
  An ogre (D:4)
  A centaur (D:5)
  Dowan (D:5)
  2 scorpions
  A bullfrog skeleton (D:3)
  An orc priest (D:2)
  Natasha (thrice) (D:3)
  4 orc wizards
  An iguana (D:4)
  2 worker ants
  A hound skeleton (D:4)
  3 gnolls
  4 adders
  An ooze (D:4)
  4 worms
  6 dart slugs
  2 leopard geckos (D:3)
  4 orcs
  2 ball pythons
  12 bats
  7 giant cockroaches
  4 goblins
  12 hobgoblins
  10 jackals
  5 quokkas
  4 frilled lizards
  8 kobolds
  A quokka skeleton (D:4)
  9 rats
117 creatures vanquished.

Notes
Turn   | Place    | Note
-------+----------+-------------------------------------------
     0 | D:1      | dvd the Merfolk Transmuter began the quest for the Orb.
     0 | D:1      | Reached XP level 1. HP: 15/15 MP: 3/3
   265 | D:1      | Reached XP level 2. HP: 11/21 MP: 3/5
   872 | D:1      | Reached skill level 4 in Unarmed Combat
   950 | D:1      | Reached XP level 3. HP: 23/26 MP: 4/6
  1255 | D:2      | Learned a level 3 spell: Spider Form
  1569 | D:2      | Reached XP level 4. HP: 8/32 MP: 1/7
  2121 | D:2      | Learned a level 4 spell: Ice Form
  2369 | D:2      | Found a faded altar of an unknown god.
  2383 | D:2      | Became a worshipper of the Shining One
  2383 | D:2      | Reached * piety under the Shining One
  2417 | D:2      | Found a shadowy altar of Dithmenos.
  2469 | D:2      | Reached skill level 1 in Stealth
  2475 | D:2      | Reached skill level 1 in Ice Magic
  2475 | D:2      | Reached XP level 5. HP: 17/37 MP: 4/9
  3327 | D:3      | Noticed Natasha
  3335 | D:3      | Killed Natasha
  3589 | D:3      | Reached XP level 6. HP: 43/43 MP: 10/10
  4058 | D:3      | Reached skill level 5 in Unarmed Combat
  4134 | D:3      | Noticed Natasha
  4140 | D:3      | Killed Natasha
  4545 | D:3      | Noticed Natasha
  4551 | D:3      | Killed Natasha
  4591 | D:4      | Reached ** piety under the Shining One
  4783 | D:4      | Found a shimmering altar of Xom.
  4783 | D:4      | Found a shimmering altar of Xom.
  4821 | D:4      | Reached XP level 7. HP: 48/48 MP: 7/12
  4867 | D:4      | Found a shimmering altar of Xom.
  4867 | D:4      | Found a shimmering altar of Xom.
  4868 | D:4      | Found a shimmering altar of Xom.
  4868 | D:4      | Found a shimmering altar of Xom.
  4869 | D:4      | Found a shimmering altar of Xom.
  4870 | D:4      | Found a shimmering altar of Xom.
  5311 | D:5      | Entered Level 5 of the Dungeon
  5321 | D:5      | Found an iron altar of Okawaru.
  5332 | D:5      | Reached skill level 5 in Transmutations
  5390 | D:5      | Noticed Dowan
  5395 | D:5      | Noticed Duvessa
  5400 | D:5      | Killed Dowan
  5400 | D:5      | Reached skill level 6 in Unarmed Combat
  5418 | D:5      | Killed Duvessa
  5418 | D:5      | Reached XP level 8. HP: 18/54 MP: 9/13
  5796 | D:5      | Found a radiant altar of Vehumet.
  5818 | D:5      | Slain by a gnoll

Skill      XL: |  1  2  3  4  5  6  7  8 |
---------------+-------------------------+-----
Unarmed Combat | 4 5 6 |  6.2
Transmutations | 3 4 5 |  5.4
Dodging        | 3 4 |  4.8
Stealth        | 1 |  1.7
Ice Magic      | 1 2 3 |  3.7
Spellcasting   | 3 4 |  4.0
Fighting       | |  1.4
Poison Magic   | |  0.9

Action                   |  1- 3 |  4- 6 |  7- 9 || total
-------------------------+-------+-------+-------++-------
Melee: Unarmed           |   109 |   191 |    71 ||   371
       Headbutt          |     9 |    14 |     3 ||    26
       Punch             |     2 |     2 |       ||     4
 Cast: Beastly Appendage |    21 |    25 |     6 ||    52
       Spider Form       |     3 |     8 |     4 ||    15
       Ice Form          |       |       |     1 ||     1
Invok: Divine Shield     |       |       |     1 ||     1
  Use: Potion            |       |       |     1 ||     1
 Stab: Sleeping          |     2 |       |       ||     2
  Eat: Chunk             |     3 |    12 |     3 ||    18
Armor: Robe              |    17 |    22 |     5 ||    44
       Skin              |     1 |     2 |     3 ||     6
Dodge: Dodged            |    81 |   121 |    55 ||   257
Block: Other             |       |     4 |     6 ||    10
